 Dungeon Crawl Stone Soup version 0.21.1-1-g345015f (webtiles) character file.

4340 miragecloak the Fighter (level 10, 0/86 HPs)
             Began as a Formicid Abyssal Knight on Mar 28, 2018.
             Was a High Priest of Lugonu.
             Slain by a troll (12 damage)
             ... on level 10 of the Dungeon on Apr 6, 2018.
             The game lasted 00:20:16 (10749 turns).

miragecloak the Fighter (Formicid Abyssal Knight)  Turns: 10749, Time: 00:20:16

Health: 0/86       AC:  7    Str: 17    XL:     10   Next: 59%
Magic:  16/16      EV: 10    Int: 11    God:    Lugonu [*****.]
Gold:   236        SH:  4    Dex: 10    Spells: 9/9 levels left

rFire    x . .     SeeInvis +   K - +8 hand axe "Kadoidexo" {chop, rElec rPois rF- Str-4}
rCold    . . .     Gourm    .   d - +0 buckler
rNeg     . . .     Faith    .   J - +0 ring mail
rPois    +         Spirit   .   (helmet unavailable)
rElec    +         Reflect  .   (no cloak)
rCorr    .         Harm     .   D - +0 pair of gloves (curse)
MR       +....                  (no boots)
Stlth    ..........             n - amulet of regeneration
HPRegen  0.64/turn              (no ring)
MPRegen  0.15/turn              (no ring)

@: no status effects
A: permanent stasis, dig shafts and tunnels, four strong arms, antennae 3
a: Dig, Shaft Self, Depart the Abyss, Bend Space, Banish, Corrupt, Enter the
Abyss, Renounce Religion


You were on level 10 of the Dungeon.
You worshipped Lugonu.
Lugonu was extremely pleased with you.
You were not hungry.

You visited 2 branches of the dungeon, and saw 11 of its levels.
You visited the Abyss 1 time.

You collected 236 gold pieces.

Inventory:

Hand Weapons
 y - a +2 hand axe of distortion
 C - a +0 war axe of venom
 K - the +8 hand axe "Kadoidexo" (weapon) {chop, rElec rPois rF- Str-4}
   (You found it on level 8 of the Dungeon)

   It inflicts extra damage upon your enemies.
   It affects your strength (-4).
   It makes you vulnerable to fire.
   It insulates you from electricity.
   It protects you from poison.
Armour
 d - a +0 buckler (worn)
 D - a cursed +0 pair of gloves (worn)
 J - a +0 ring mail (worn)
Jewellery
 n - an amulet of regeneration (around neck)
 z - a cursed amulet of inaccuracy {unknown}
Wands
 j - a wand of disintegration (6)
 l - a wand of paralysis (21)
Scrolls
 f - 10 scrolls of identify {unknown}
 h - 8 scrolls of remove curse
 k - 6 scrolls of teleportation {unknown}
 m - a scroll of enchant weapon {unknown}
 o - 2 scrolls of amnesia {unknown}
 w - a scroll of magic mapping {unknown}
 A - a scroll of random uselessness {unknown}
 B - a scroll of fog {unknown}
 H - 2 scrolls of immolation {unknown}
 I - a scroll of holy word {unknown}
Potions
 e - a potion of invisibility {unknown}
 g - a potion of haste {unknown}
 i - 3 potions of brilliance {unknown}
 p - 3 potions of heal wounds {unknown}
 q - 2 potions of lignification {unknown}
 r - 4 potions of flight {unknown}
 u - a potion of cancellation {unknown}
 v - a potion of ambrosia {unknown}
 x - 2 potions of mutation {unknown}
 F - a potion of magic {unknown}
 G - a potion of curing
Books
 s - a book of Minor Magic

   Spells                             Type                      Level
   a - Magic Dart                     Conjuration                  1
   b - Blink                          Translocation                2
   c - Call Imp                       Summoning                    2
   d - Slow                           Hexes                        2
   e - Conjure Flame                  Conjuration/Fire             3
   f - Mephitic Cloud                 Conjuration/Poison/Air       3
 t - a book of Geomancy

   Spells                             Type                      Level
   a - Sandblast                      Earth                        1
   b - Passwall                       Transmutation/Earth          2
   c - Stone Arrow                    Conjuration/Earth            3
   d - Petrify                        Transmutation/Earth          4
   e - Lee's Rapid Deconstruction     Earth                        5
Comestibles
 c - 15 rations


   Skills:
 + Level 10.5 Fighting
 - Level 7.0 Axes
 * Level 5.5 Armour
 - Level 0.8 Dodging
 - Level 4.0 Shields
 - Level 9.0 Invocations


You had 9 spell levels left.
You didn't know any spells.

Dungeon Overview and Level Annotations

Branches:
Dungeon (10/15)            Temple (1/1) D:6            Lair (0/6) D:8
    Orc: D:9-12

Altars:
Ashenzari
Dithmenos
Fedhas
Makhleb
Sif Muna
Wu Jian
Yredelemnul
Zin

Annotations:
D:4 Menkaure
D:5 Sigmund
D:6 Mirai's ghost, novice DECj


Innate Abilities, Weirdness & Mutations

You cannot be hasted, slowed, berserked, paralysed or teleported.
You can dig through walls and to a lower floor.
Your four strong arms can wield two-handed weapons with a shield.
You have a pair of large antennae on your head. (SInv)


Message History

You block the troll's attack.
You hit the troll.
The troll is lightly wounded.
The troll bites you! The troll barely misses you. The troll claws you.
You hit the troll.
The troll is moderately wounded.
The troll barely misses you. The troll closely misses you.
The troll completely misses you.
You hit the troll but do no damage.
The troll is moderately wounded.
The troll bites you! The troll closely misses you. The troll claws you!
You slash the troll!
The troll is heavily wounded.
The troll misses you. The troll barely misses you. The troll claws you!
You closely miss the troll.
The troll is heavily wounded.
The troll bites you!
* * * LOW HITPOINT WARNING * * *
The troll claws you!
You die...

. { #####..###
#........# #..
#......(.##..
#........#..#
#..........#
###.........# .
.......T...###.##
#......@.........
###.>............
#...####..##...##
#.####....# ..##
#(.....##.##...#
#####..##....#.#
##...#..##.#
###.#..##.#
#..>.##.##


You could see a troll.

Vanquished Creatures
  Psyche (D:9)
  A hippogriff (D:9)
  2 yaks (D:9)
  A warg (D:8)
  A water moccasin (D:7)
  An orc warrior (D:8)
  2 ice beasts
  A sky beast (D:9)
  3 ogres
  3 centaurs (D:9)
  A big kobold (D:10)
  6 bullfrogs
  A scorpion (D:9)
  2 howler monkeys (D:7)
  A crimson imp (D:7)
  2 jellies
  7 hounds
  2 orc priests (D:4)
  A centaur skeleton (D:6)
  A bullfrog skeleton (D:9)
  Ijyb (D:3)
  2 iguanas
  5 worker ants
  4 orc wizards
  A hound zombie (D:8)
  2 hound skeletons
  Robin (D:2)
  A worker ant zombie (D:5)
  3 gnolls
  8 adders
  3 shadow imps
  An ooze (D:1)
  An adder skeleton (D:9)
  3 dart slugs (D:1)
  4 worms
  3 leopard geckos
  26 orcs
  6 giant cockroaches
  22 goblins
  11 hobgoblins
  18 jackals
  2 quokkas
  9 bats
  10 frilled lizards
  8 kobolds
  A leopard gecko zombie (D:8)
  A quokka skeleton (D:6)
  22 rats
219 creatures vanquished.

Vanquished Creatures (others)
  A two-headed ogre (D:9)
  The ghost of Shinoi the Shooter, an amateur CeHu (D:3)
  A sky beast (D:9)
  A hornet zombie (D:9)
  2 ogres
  A bullfrog (D:9)
  A scorpion (D:7)
  A hound (D:8)
  A leopard gecko (D:7)
10 creatures vanquished.

Grand Total: 229 creatures vanquished

Notes
Turn   | Place    | Note
-------+----------+-------------------------------------------
     0 | Abyss:1  | miragecloak the Formicid Abyssal Knight began the quest for the Orb.
     0 | Abyss:1  | Reached XP level 1. HP: 18/18 MP: 2/2
    59 | Abyss:1  | Noticed an angel
    59 | D:1      | Escaped the Abyss
   214 | D:1      | Reached skill level 1 in Shields
   232 | D:1      | Reached XP level 2. HP: 8/24 MP: 3/3
   243 | D:1      | Reached * piety under Lugonu
   589 | D:1      | Reached XP level 3. HP: 26/29 MP: 4/4
   979 | D:1      | Reached XP level 4. HP: 35/35 MP: 5/5
  1123 | D:2      | Reached ** piety under Lugonu
  2347 | D:2      | Reached XP level 5. HP: 41/41 MP: 6/6
  2571 | D:3      | Noticed Shinoi's ghost (amateur CeHu)
  3233 | D:3      | Noticed Robin
  3364 | D:2      | Reached *** piety under Lugonu
  3366 | D:2      | Killed Robin
  3488 | D:3      | Found a deep blue altar of Sif Muna.
  3969 | D:3      | HP: 2/41 [gnoll (2)]
  4463 | D:4      | Reached XP level 6. HP: 15/47 MP: 7/7
  4710 | D:4      | Reached skill level 5 in Axes
  5082 | D:4      | Found a blossoming altar of Fedhas.
  5446 | D:4      | Reached skill level 4 in Fighting
  5932 | D:4      | Noticed Menkaure
  6060 | D:3      | Noticed Ijyb
  6067 | D:3      | Killed Ijyb
  6135 | D:3      | Banished Shinoi's ghost
  6135 | D:3      | Reached skill level 5 in Fighting
  6135 | D:3      | Reached XP level 7. HP: 56/56 MP: 8/8
  6292 | D:4      | Reached skill level 6 in Fighting
  6425 | D:5      | Entered Level 5 of the Dungeon
  6673 | D:5      | Found a glowing silver altar of Zin.
  6673 | D:5      | Noticed Sigmund
  6682 | D:6      | Reached skill level 7 in Fighting
  6688 | D:6      | Reached XP level 8. HP: 53/67 MP: 9/9
  6723 | D:6      | Found a burning altar of Makhleb.
  6808 | D:6      | Found a shattered altar of Ashenzari.
  7038 | D:6      | Reached skill level 8 in Fighting
  7200 | D:6      | Found a staircase to the Ecumenical Temple.
  7219 | Temple   | Entered the Ecumenical Temple
  7229 | D:6      | Found a basalt altar of Yredelemnul.
  7310 | D:6      | Reached **** piety under Lugonu
  7310 | D:6      | Reached skill level 5 in Invocations
  7413 | D:6      | Noticed Mirai's ghost (novice DECj)
  7863 | D:7      | Reached XP level 9. HP: 67/74 MP: 12/14
  7876 | D:7      | Found a shadowy altar of Dithmenos.
  7936 | D:7      | Found an ornate altar of the Wu Jian Council.
  8599 | D:8      | Found a staircase to the Lair.
  9055 | D:10     | Entered Level 10 of the Dungeon
  9374 | D:9      | Reached ***** piety under Lugonu
  9618 | D:9      | Got a shimmering long sword {pain}
  9619 | D:9      | Identified the +7 long sword "Cucutus" {pain, rElec rC- rN+++ Stlth-} (You took it off an orc wizard on level 9 of the Dungeon)
  9629 | D:9      | Noticed Psyche
  9636 | D:9      | Killed Psyche
  9636 | D:9      | Reached skill level 9 in Fighting
  9636 | D:9      | Reached XP level 10. HP: 41/83 MP: 16/16
  9875 | D:9      | Reached skill level 10 in Fighting
  9890 | D:9      | Noticed a two-headed ogre
  9894 | D:9      | Banished a two-headed ogre
 10557 | D:8      | Noticed a two-headed ogre
 10558 | D:8      | Got a steaming hand axe
 10565 | D:9      | Identified the +8 hand axe "Kadoidexo" {chop, rElec rPois rF- Str-4} (You found it on level 8 of the Dungeon)
 10606 | D:10     | Reached skill level 5 in Armour
 10749 | D:10     | Slain by a troll

Skill      XL: |  1  2  3  4  5  6  7  8  9 10 |
---------------+-------------------------------+-----
Shields        | 1 2 4 |  4.0
Axes           | 3 4 5 7 |  7.0
Fighting       | 5 7 8 9 10 | 10.5
Invocations    | 6 9 |  9.0
Armour         | 5 |  5.5
Dodging        | |  0.8

Action                   |  1- 3 |  4- 6 |  7- 9 | 10-12 || total
-------------------------+-------+-------+-------+-------++-------
Melee: Hand axe          |   130 |   301 |   279 |    36 ||   746
       War axe           |       |       |    48 |       ||    48
       Long sword        |       |       |     6 |    50 ||    56
Invok: Depart the Abyss  |     1 |       |       |       ||     1
       Banish            |       |       |     1 |     1 ||     2
  Use: Potion            |       |     3 |       |       ||     3
       Scroll            |       |     1 |       |       ||     1
 Stab: Sleeping          |       |       |     1 |       ||     1
  Eat: Chunk             |       |    16 |    13 |     4 ||    33
Armor: Leather armour    |    38 |    59 |    53 |       ||   150
       Ring mail         |       |       |     5 |    42 ||    47
Dodge: Dodged            |    78 |   163 |   142 |    56 ||   439
Block: Buckler           |    23 |    66 |    46 |    27 ||   162
       Rpst.: Long sword |       |       |       |     7 ||     7
